 Dungeon Crawl Stone Soup version 0.25-a0-365-g7600c65aa0 (webtiles) character file.

Game seed: 2599961937357790066, levelgen mode: deterministic

18 Inarius the Skirmisher (level 2, -4/24 HPs)
             Began as a Demonspawn Abyssal Knight on Jan 5, 2020.
             Was a Follower of Lugonu.
             Killed by nerve-wracking pain
             ... invoked by Jessica
              (14 damage)
             ... on level 2 of the Dungeon.
             The game lasted 00:01:35 (1242 turns).

Inarius the Skirmisher (Demonspawn Abyssal Knight)  Turns: 1242, Time: 00:01:36

Health: -4/24      AC:  3    Str: 12    XL:     2   Next: 48%
Magic:  3/3        EV: 11    Int: 13    God:    Lugonu [*.....]
Gold:   19         SH:  0    Dex: 12    Spells: 1/1 levels left

rFire    . . .     SeeInvis .   a - +1 hand axe
rCold    . . .     Gourm    .   (no shield)
rNeg     . . .     Faith    .   b - +0 leather armour
rPois    .         Spirit   .   (no helmet)
rElec    .         Reflect  .   (no cloak)
rCorr    .         Harm     .   (no gloves)
MR       .....                  (no boots)
Stlth    +.........             (no amulet)
HPRegen  0.08/turn              (no ring)
MPRegen  0.08/turn              (no ring)

@: no status effects
A: claws 1
a: Depart the Abyss, Renounce Religion


You were on level 2 of the Dungeon.
You worshipped Lugonu.
Lugonu was aware of your devotion.
You were very hungry.

You visited 1 branch of the dungeon, and saw 2 of its levels.
You visited the Abyss 1 time.

You collected 19 gold pieces.

Inventory:

Hand Weapons
 a - a +1 hand axe (weapon)
Armour
 b - a +0 leather armour (worn)
Scrolls
 d - a scroll of enchant weapon {unknown}
 e - a scroll of teleportation {unknown}
 g - a scroll of identify {unknown}
 h - a scroll of remove curse {unknown}
 l - a scroll of fear {unknown}
Potions
 i - a potion of magic {unknown}
 j - a potion of heal wounds {unknown}
 k - a potion of brilliance {unknown}
Comestibles
 c - 4 rations


   Skills:
 + Level 3.4 Fighting
 - Level 1.9 Axes
 * Level 2.1 Armour
 - Level 0.8 Dodging
 * Level 0.2 Unarmed Combat
 + Level 2.6 Invocations


You had one spell level left.
You didn't know any spells.
Your spell library was empty.

Dungeon Overview and Level Annotations

Branches:
Dungeon (2/15)

Altars:

Annotations:
D:2 Jessica


Innate Abilities, Weirdness & Mutations

You have sharp fingernails.


Message History

Jessica is heavily wounded.
Jessica casts a spell at you. Pain shoots through your body!
You barely miss Jessica.
Jessica is heavily wounded.
Jessica closely misses you.
You hit Jessica.
Jessica is severely wounded.
Jessica hits you but does no damage. Jessica hits you with a +0 club.
You closely miss Jessica.
Jessica is severely wounded.
You are feeling very hungry.
Jessica shouts, "You're disturbing me!
I'll have to kill you!" Jessica hits you but does no damage.
You hit Jessica but do no damage.
Jessica is severely wounded.
Jessica gestures at you while chanting. Pain shoots through your body!
Ouch! That really hurt!
You die...

..##.##.#...##.
#.##.##.....##.
#.##.##.....###
#####.##........#
#...........#......
#.###.#######.#####
#.# #.# #.
#.###.###.# #+##
#....@@...# #...#
#####)##### #.....
#.#.## #......
#....####.......
#....@..'....r..
#....####....(..
#.#.## #......
#.### #.@... ..#
#...#


You could see Jessica.

Vanquished Creatures
  A giant cockroach (D:1)
  2 goblins (D:1)
  4 hobgoblins
  3 bats (D:1)
  A frilled lizard (D:1)
  2 kobolds (D:1)
  4 rats
17 creatures vanquished.

Notes
Turn   | Place    | Note
-------+----------+-------------------------------------------
     0 | Abyss:1  | Inarius the Demonspawn Abyssal Knight began the quest for
                  | the Orb.
     0 | Abyss:1  | Reached XP level 1. HP: 18/18 MP: 2/2
    32 | Abyss:1  | Noticed a large abomination
    40 | Abyss:1  | Noticed a rakshasa
    40 | Abyss:1  | Noticed a chaos spawn
    72 | D:1      | Escaped the Abyss
   396 | D:1      | Reached * piety under Lugonu
   419 | D:1      | Gained mutation: You have sharp fingernails. [demonic
                  | ancestry]
   419 | D:1      | Reached XP level 2. HP: 24/24 MP: 3/3
  1212 | D:2      | Noticed Jessica
  1242 | D:2      | Killed from afar by Jessica

Levels and vault maps discovered:
D:1:      dpeg_arrival_lava_altar, layout_basic
D:2:      layout_loops_corners, uniq_jessica

Skill      XL: |  1 |
---------------+----+-----
Armour         | 2 |  2.1
Fighting       | |  3.4
Axes           | |  1.9
Dodging        | |  0.8
Unarmed Combat | |  0.2
Invocations    | |  2.6

Action                   || total
-------------------------++-------
Melee: Hand axe          ||    59
Invok: Depart the Abyss  ||     1
  Use: Potion            ||     1
 Stab: Sleeping          ||     1
Armor: Leather armour    ||    17
Dodge: Dodged            ||    37

Table legend:
 A = Non-vault XP
 B = Vault XP
 C = Vault XP percentage of total XP
 D = Non-vault monster count
 E = Vault monster count
 F = Vault count percentage of total count
                 A         B        C        D         E       F
            +---------+---------+-------+---------+---------+-------
      Total |      26 |       0 |   0.0 |      17 |       0 |   0.0
            +---------+---------+-------+---------+---------+-------
        D:1 |      23 |       0 |   0.0 |      15 |       0 |   0.0
        D:2 |       3 |       0 |   0.0 |       2 |       0 |   0.0
            +---------+---------+-------+---------+---------+-------
